 Dungeon Crawl Stone Soup version 0.24.1-14-gf8d2b509d9 (webtiles) character file.

Game seed: 15521460952687521946, levelgen mode: deterministic

20 DemiGod565 the Poker (level 2, -1/29 HPs)
             Began as a Troll Berserker on May 27, 2020.
             Was a Follower of Trog.
             Slain by Sigmund
             ... wielding a cursed -2 scythe
              (4 damage)
             ... on level 2 of the Dungeon.
             The game lasted 00:05:29 (753 turns).

DemiGod565 the Poker (Troll Berserker)               Turns: 753, Time: 00:05:30

Health: -1/29      AC:  6    Str: 24    XL:     2   Next: 58%
Magic:  1/1        EV: 10    Int:  3    God:    Trog [*.....]
Gold:   63         SH:  0    Dex:  9    Spells: 1/1 levels left

rFire    . . .     SeeInvis .   a - +0 spear
rCold    . . .     Gourm    +   (no shield)
rNeg     . . .     Faith    .   b - +0 animal skin
rPois    .         Spirit   .   (helmet restricted)
rElec    .         Reflect  .   (no cloak)
rCorr    .         Harm     .   (gloves unavailable)
MR       .....                  (boots unavailable)
Stlth    +.........             g - amulet of the gourmand
HPRegen  0.49/turn              (no ring)
MPRegen  0.07/turn              (no ring)

@: confused, berserk cooldown, slowed, very slow
A: large, unfitting armour, claws 3, fast metabolism 3, gourmand, regeneration
1, shaggy fur 1, tough skin 3
a: Berserk, Renounce Religion


You were on level 2 of the Dungeon.
You worshipped Trog.
Trog was aware of your devotion.
You were not hungry.

You visited 1 branch of the dungeon, and saw 2 of its levels.

You collected 63 gold pieces.

Inventory:

Hand Weapons
 a - a +0 spear (weapon)
 e - a +0 spear
Armour
 b - a +0 animal skin (worn)
Jewellery
 g - an amulet of the gourmand (around neck)
Scrolls
 i - a scroll of teleportation
 j - a scroll of fear
 l - a scroll of immolation {unknown}
Potions
 d - a potion of lignification
 f - a potion of flight {unknown}
 h - a potion of heal wounds {unknown}
 k - a potion of agility {unknown}
 m - a potion of berserk rage {unknown}
 n - a potion of curing {unknown}
 o - 2 potions of resistance {unknown}
Comestibles
 c - 5 rations


   Skills:
 + Level 2.7 Fighting
 + Level 2.8 Polearms
 + Level 2.6 Dodging


You had one spell level left.
You didn't know any spells.
Your spell library was empty.

Dungeon Overview and Level Annotations

Branches:
Dungeon (2/15)

Altars:
Makhleb

Annotations:
D:2 Sigmund


Innate Abilities, Weirdness & Mutations

You are too large for most types of armour.
You have claws for hands.
Your metabolism is lightning-fast.
You like to eat raw meat.
Your natural rate of healing is unusually fast.
You are covered in fur. (AC +1)
You have extremely tough skin. (AC +3)


Message History

Sigmund closely misses you.
You hit Sigmund.
Sigmund is heavily wounded.
Sigmund closely misses you.
You hit Sigmund.
Sigmund is severely wounded.
Sigmund casts a spell.
Sigmund flickers and vanishes!
Deactivating autopickup; reactivate with Ctrl-A.
Autopickup is now on.
Deactivating autopickup; reactivate with Ctrl-A.
You miss something. Something hits you!
You hit something. Something hits you but does no damage.
You hear some strange, mumbled words.
You are confused.
You bump into the rock wall.
Something hits you.
You bump into the rock wall.
Something hits you!
* * * LOW HITPOINT WARNING * * *
You bump into the rock wall.
Something hits you.
You die...

#._....##..# .#
########.....[##..##..#
#.....................#
#.######......#..##...#
#.######.....#.........
#......###..###.....<.#
#.####.....## ##.....##
#......###..###...##.#
#.####@# #.#.#.#...# #
#.# #.........# #.#
####.##.....# #.#
#.###.#### #.# #.###.#
..# #..##.# ### ##.##.#
#.##.# ###.##.##


There were no monsters in sight!

Vanquished Creatures
  A dart slug (D:2)
  2 leopard geckos (D:1)
  A bat (D:1)
  A giant cockroach (D:1)
  2 goblins
  2 hobgoblins (D:1)
  3 frilled lizards
  3 kobolds
  A rat (D:1)
16 creatures vanquished.

Notes
Turn   | Place    | Note
-------+----------+-------------------------------------------
     0 | D:1      | DemiGod565 the Troll Berserker began the quest for the Orb.
     0 | D:1      | Reached XP level 1. HP: 22/22 MP: 0/0
   139 | D:1      | Reached XP level 2. HP: 26/29 MP: 1/1
   710 | D:2      | Found a burning altar of Makhleb.
   730 | D:2      | Noticed Sigmund
   753 | D:2      | Slain by Sigmund

Levels and vault maps discovered:
D:1:      minmay_arrival_plants_in_alcoves, layout_basic
D:2:      layout_loops_ring, lemuel_zombie_altar_kikubaaqudgha, bloody_makhleb,
          minmay_distorted, uniq_jessica, uniq_sigmund

Action                   || total
-------------------------++-------
Melee: Spear             ||    76
Invok: Berserk           ||     1
  Use: Scroll            ||     4
  Eat: Chunk             ||     6
Armor: Animal skin       ||    29
Dodge: Dodged            ||    42
